[Event "42nd Olympiad Baku 2016 Open"]
[Site "Baku"]
[Date "2016.09.03"]
[Round "2.26"]
[White "Manoj Kumar, Paramesweran"]
[Black "Ahmad, Al Khatib"]
[Result "0-1"]
[ECO "E92"]
[WhiteElo "2260"]
[BlackElo "2253"]
[Annotator ""]
[PlyCount "76"]
[EventDate "2016.??.??"]
[EventCountry "AZE"]
[SourceTitle "playchess.com"]
[Source "ChessBase"]
[WhiteTeam "FIJ"]
[BlackTeam "JOR"]
[WhiteTeamCountry "IND"]
[BlackTeamCountry "JOR"]
[TimeControl "40/5400+30:1800+30"]

1. d4 {(00:00)} Nf6 {(00:00)} 2. c4 {(00:03)} g6 {(
00:00)} 3. Nf3 {(00:38)} Bg7 {(00:00)} 4. Nc3 {(00:21)} d6
{(00:29)} 5. e4 {(00:52)} O-O {(01:22)} 6. Be2 {(
00:04)} e5 {(02:58)} 7. dxe5 {(00:03)} dxe5 {(00:15)} 8.
Qxd8 {(00:14)} Rxd8 {(00:05)} 9. Bg5 {(00:30)} Rf8 {
(08:48)} 10. O-O {(12:53)} Nc6 {(23:57)} 11. h3 {(
04:07)} Nd4 {(14:46)} 12. Bd1 {(10:34)} Nxf3+ {(05:13)}
13. Bxf3 {(00:11)} c6 {(00:15)} 14. Rfd1 {(04:37)} Be6 {
(10:09)} 15. c5 {(08:59)} h6 {(07:39)} 16. Be3 {(
02:12)} Nd7 {(01:36)} 17. Rd6 {(00:47)} Rfd8 {(08:11)} 18.
Rad1 {(01:51)} Bf8 {(01:38)} 19. R6d2 {(00:07)} f5 {
(02:40)} 20. g3 {(04:41)} Be7 {(03:21)} 21. Bg2 {(
07:57)} Kg7 {(00:55)} 22. h4 {(07:42)} Nf6 {(01:21)} 23.
Rxd8 {(06:46)} Rxd8 {(00:02)} 24. Rxd8 {(00:02)} Bxd8 {
(00:01)} 25. a3 {(08:51)} Bb3 {(01:39)} 26. f3 {(
10:19)} Ba5 {(02:21)} 27. Nb1 {(01:56)} fxe4 {(00:46)} 28.
fxe4 {(00:05)} Bc2 {(00:22)} 29. Nd2 {(01:01)} Bxd2 {
(00:10)} 30. Bxd2 {(00:03)} Bxe4 {(00:09)} 31. Bh3 {
(00:47)} Bf5 {(00:27)} 32. Bg2 {(01:30)} h5 {(01:
41)} 33. Bc3 Nd7 {(00:15)} 34. b4 {(01:39)} Kf6 {(00:40)}
35. Kf2 {(01:41)} Ke6 {(01:00)} 36. Bf1 {(00:15)} Nf6 {
(00:59)} 37. Bc4+ {(01:17)} Ke7 {(00:10)} 38. Bxe5 {
(00:06)} Ng4+ {(00:02)} 0-1

[Event "42nd Olympiad Baku 2016 Open"]
[Site "Baku"]
[Date "2016.09.03"]
[Round "2.34"]
[White "Lau, Lut Yin Luke"]
[Black "Myint Han"]
[Result "0-1"]
[ECO "B40"]
[WhiteElo "1994"]
[BlackElo "2289"]
[Annotator ""]
[PlyCount "100"]
[EventDate "2016.??.??"]
[EventCountry "AZE"]
[SourceTitle "playchess.com"]
[Source "ChessBase"]
[WhiteTeam "Hong Kong"]
[BlackTeam "Myanmar"]
[WhiteTeamCountry "HKG"]
[BlackTeamCountry "MYA"]
[TimeControl "40/5400+30:1800+30"]

1. e4 {(00:00)} c5 {(00:00)} 2. Nf3 {(00:00)} e6 {(
00:00)} 3. d4 {(00:16)} cxd4 {(00:00)} 4. Nxd4 {(00:07)}
Qc7 {(00:07)} 5. g3 {(03:01)} a6 {(00:24)} 6. Bg2 {
(00:18)} Nf6 {(00:10)} 7. O-O {(00:38)} d6 {(00:08]
} 8. h3 {(00:58)} Be7 {(00:08)} 9. Be3 {(01:45)} Nbd7 {
(00:26)} 10. g4 {(05:38)} h6 {(00:22)} 11. f4 {(07:
51)} Nc5 {(08:30)} 12. Nc3 {(02:48)} Nh7 {(06:30)} 13. Qd2
{(14:27)} Nd7 {(05:41)} 14. Rae1 {(15:43)} O-O {(
00:44)} 15. Kh1 {(07:29)} g5 {(01:22)} 16. h4 {(13:52)}
gxf4 {(04:05)} 17. Bxf4 {(02:25)} Bxh4 {(01:23)} 18. Re2 {
(10:58)} Bg5 {(00:27)} 19. Nf3 {(04:04)} Ne5 {(01:
54)} 20. Nxg5 {(00:59)} hxg5 {(00:11)} 21. Bxg5 {(00:31)}
f6 {(03:52)} 22. Bh6 {(00:53)} Rf7 {(00:41)} 23. Bh3 {
(05:02)} Bd7 {(04:14)} 24. Rg2 {(00:50)} Kh8 {(00:
14)} 25. Rfg1 {(01:09)} Nf3 {(00:28)} 26. Qe3 {(00:42)}
Nxg1 {(00:10)} 27. g5 {(00:26)} fxg5 {(01:59)} 28. Rxg1 {
(00:24)} Rg8 {(01:31)} 29. Qd3 {(00:44)} Qc5 {(00:
19)} 30. Rg2 {(00:30)} b5 {(00:45)} 31. Qe2 {(00:29)} b4 {
(00:12)} 32. Nd1 {(00:26)} Bb5 {(00:13)} 33. Qh5 {(
00:36)} Rf1+ {(00:15)} 34. Kh2 {(00:03)} Qe5+ {(00:12)}
35. Rg3 {(00:07)} Rf4 {(02:26)} 36. Ne3 {(01:13)} Rh4 {
(00:41)} 37. Qf3 {(00:37)} Rxh6 {(00:32)} 38. Ng4 {
(00:11)} Rxh3+ {(00:19)} 39. Kxh3 {(00:09)} Qg7 {(
00:07)} 40. Kg2 {(00:00)} Rf8 {(00:00)} 41. Qd1 {(01:17)}
Bc6 {(01:04)} 42. Qxd6 {(00:00)} Bxe4+ {(00:00)} 43. Kg1 {
(00:00)} Qxb2 {(00:58)} 44. Nf2 {(03:02)} Qa1+ {(
00:53)} 45. Nd1 {(00:35)} Qf6 {(00:10)} 46. Qxa6 {(00:53)}
Qf4 {(02:27)} 47. Kh2 {(04:02)} Qh4+ {(01:51)} 48. Rh3 {
(00:04)} Rf2+ {(00:24)} 49. Kg1 {(00:03)} Rg2+ {(
00:19)} 50. Kf1 {(00:04)} Qf4+ {(00:23)} 0-1

[Event "42nd Olympiad Baku 2016 Open"]
[Site "Baku"]
[Date "2016.09.03"]
[Round "2.17"]
[White "Lee, Jun Hyeok"]
[Black "Rehan, Deng Cypriano"]
[Result "1-0"]
[ECO "D30"]
[WhiteElo "2238"]
[BlackElo "1899"]
[Annotator ""]
[PlyCount "75"]
[EventDate "2016.??.??"]
[EventCountry "AZE"]
[SourceTitle "playchess.com"]
[Source "ChessBase"]
[WhiteTeam "KOR"]
[BlackTeam "SSD"]
[WhiteTeamCountry "KOR"]
[TimeControl "40/5400+30:1800+30"]

1. d4 {(00:00)} d5 {(00:55)} 2. c4 {(00:05)} e6 {(
00:09)} 3. Nf3 {(00:06)} c6 {(00:10)} 4. e3 {(00:06)} Nf6
{(00:11)} 5. b3 {(00:17)} Nbd7 {(00:55)} 6. Bb2 {(
00:10)} Ne4 {(02:27)} 7. Bd3 {(01:01)} Bb4+ {(01:19)} 8.
Nbd2 {(06:21)} f5 {(01:02)} 9. a3 {(08:30)} Bd6 {(
04:43)} 10. Ne5 {(07:23)} O-O {(03:07)} 11. O-O {(06:27)}
Bxe5 {(16:57)} 12. dxe5 {(00:08)} Ndc5 {(01:04)} 13. Nxe4
{(01:41)} fxe4 {(03:29)} 14. Be2 {(03:56)} Bd7 {(
06:39)} 15. b4 {(02:34)} Na6 {(00:26)} 16. cxd5 {(05:20)}
cxd5 {(00:27)} 17. Bd4 {(05:13)} Nc7 {(01:07)} 18. a4 {
(01:07)} b5 {(12:08)} 19. Bc5 {(05:04)} Rf7 {(00:
40)} 20. a5 {(00:29)} Qc8 {(03:28)} 21. Qd4 {(04:15)} Qb7
{(02:05)} 22. f3 {(03:41)} exf3 {(03:30)} 23. Bxf3 {
(00:22)} Na6 {(00:27)} 24. Bd6 {(00:53)} Rc8 {(01:
43)} 25. Bh5 {(02:37)} Rf5 {(03:25)} 26. Bg4 {(00:52)} Rc4
{(06:44)} 27. Bxf5 {(00:07)} exf5 {(00:13)} 28. Qd2 {
(01:35)} Be6 {(03:44)} 29. Rac1 {(04:18)} Nb8 {(05:
04)} 30. Rxc4 {(00:59)} bxc4 {(00:54)} 31. g4 {(03:07)} g6
{(03:45)} 32. gxf5 {(00:05)} gxf5 {(00:17)} 33. Qg2+ {
(00:26)} Kh8 {(00:29)} 34. Qg5 {(02:22)} Nc6 {(01:
08)} 35. b5 {(00:06)} Nxa5 {(03:53)} 36. Be7 {(00:28)} h6
{(01:23)} 37. Qxh6+ {(00:09)} Kg8 {(00:28)} 38. Qg6+ {
(00:03)} 1-0

[Event "42nd Olympiad Baku 2016 Open"]
[Site "Baku"]
[Date "2016.09.03"]
[Round "2.4"]
[White "Leon Rodriguez, Orlando"]
[Black "Monnaatsheko, Keletshabile"]
[Result "1-0"]
[ECO "C15"]
[WhiteElo "2197"]
[BlackElo "1988"]
[Annotator ""]
[PlyCount "85"]
[EventDate "2016.??.??"]
[EventCountry "AZE"]
[SourceTitle "playchess.com"]
[Source "ChessBase"]
[WhiteTeam "PAN"]
[BlackTeam "BOT"]
[WhiteTeamCountry "ESP"]
[BlackTeamCountry "BOT"]
[TimeControl "40/5400+30:1800+30"]

1. e4 {(00:00)} e6 {(00:00)} 2. d4 {(00:06)} d5 {(
00:00)} 3. Nc3 {(00:16)} Bb4 {(00:05)} 4. Nge2 {(01:02)}
Nf6 {(02:08)} 5. e5 {(02:26)} Nfd7 {(00:16)} 6. a3 {
(00:43)} Be7 {(00:12)} 7. Be3 {(04:22)} c5 {(01:19]
} 8. f4 {(01:07)} O-O {(04:25)} 9. Qd2 {(03:00)} Nc6 {
(01:30)} 10. g3 {(02:00)} b6 {(05:58)} 11. Bh3 {(
03:21)} cxd4 {(08:38)} 12. Nxd4 {(00:11)} Nxd4 {(00:19)}
13. Bxd4 {(00:41)} g6 {(07:45)} 14. O-O {(03:55)} Ba6 {
(00:55)} 15. Rf2 {(02:19)} Nb8 {(00:34)} 16. Be3 {(
14:01)} Nc6 {(02:02)} 17. Ne2 {(00:22)} Na5 {(06:09)} 18.
b3 {(01:29)} Rc8 {(00:38)} 19. Nd4 {(02:41)} Qd7 {(
03:00)} 20. f5 {(05:53)} exf5 {(05:30)} 21. Nxf5 {(00:28)}
gxf5 {(02:43)} 22. Bxf5 {(00:47)} Qc6 {(00:59)} 23. Bg5 {
(09:13)} f6 {(07:16)} 24. Bxc8 {(05:00)} Bxc8 {(01:
54)} 25. Bxf6 {(01:19)} Bxf6 {(02:45)} 26. exf6 {(00:18)}
Rf7 {(15:29)} 27. Re1 {(01:53)} d4 {(08:29)} 28. Qg5+ {
(02:47)} Kf8 {(06:12)} 29. Re7 {(04:25)} d3 {(03:
39)} 30. Rxf7+ {(15:38)} Kxf7 {(00:03)} 31. c4 {(02:20)}
Qc5 {(03:18)} 32. Qg7+ {(02:09)} Ke6 {(00:02)} 33. Qxh7 {
(02:06)} d2 {(00:59)} 34. Qd3 {(03:26)} Qd6 {(01:
02)} 35. Qe3+ {(01:01)} Qe5 {(00:31)} 36. Qxd2 {(00:05)}
Nxb3 {(00:22)} 37. Qd1 {(01:33)} Kf7 {(00:42)} 38. Qxb3 {
(00:53)} Qa1+ {(00:08)} 39. Kg2 {(00:53)} Bb7+ {(
00:01)} 40. Kh3 {(00:00)} Qe5 {(00:00)} 41. g4 {(02:40)}
Bc8 {(01:27)} 42. Qf3 {(00:58)} Be6 {(04:49)} 43. Qb7+ {
(00:24)} 1-0

[Event "42nd Olympiad Baku 2016 Open"]
[Site "Baku"]
[Date "2016.09.03"]
[Round "2.31"]
[White "Lima, Osvaldo Dos Santos"]
[Black "Salih, Akar Ali Salih"]
[Result "0-1"]
[ECO "A25"]
[WhiteElo "1782"]
[BlackElo "2302"]
[Annotator ""]
[PlyCount "102"]
[EventDate "2016.??.??"]
[EventCountry "AZE"]
[SourceTitle "playchess.com"]
[Source "ChessBase"]
[WhiteTeam "STP"]
[BlackTeam "Iraq"]
[BlackTeamCountry "IRQ"]
[TimeControl "40/5400+30:1800+30"]

1. c4 {(00:00)} e5 {(00:22)} 2. Nc3 {(00:00)} Nc6 {
(00:05)} 3. g3 {(00:33)} f5 {(00:30)} 4. e3 {(02:
00)} Nf6 {(00:23)} 5. Bg2 {(00:46)} g6 {(06:30)} 6. Nge2 {
(00:44)} Bg7 {(00:35)} 7. O-O {(03:24)} d6 {(01:10]
} 8. d3 {(02:51)} O-O {(00:57)} 9. f4 {(01:03)} Kh8 {
(09:02)} 10. a3 {(05:47)} exf4 {(07:18)} 11. Nxf4 {
(06:28)} Re8 {(03:20)} 12. h3 {(02:10)} Ne5 {(02:
48)} 13. Qc2 {(01:40)} c6 {(04:56)} 14. b3 {(04:32)} Bd7 {
(05:48)} 15. Bd2 {(03:49)} Qc7 {(08:28)} 16. Rac1 {
(05:27)} Re7 {(01:44)} 17. d4 {(11:09)} Nf7 {(01:
19)} 18. b4 {(01:55)} Ng5 {(04:19)} 19. b5 {(04:11)} Nge4
{(01:21)} 20. bxc6 {(02:34)} bxc6 {(00:50)} 21. Nxe4 {
(02:09)} Nxe4 {(00:18)} 22. Bxe4 {(01:51)} Rxe4 {(
01:13)} 23. h4 {(01:13)} Qd8 {(09:39)} 24. Rb1 {(04:31)}
d5 {(08:04)} 25. Rb7 {(12:23)} Bc8 {(10:30)} 26. Rxg7 {
(09:35)} Kxg7 {(00:01)} 27. cxd5 {(00:38)} cxd5 {(
01:32)} 28. Rc1 {(00:29)} Bd7 {(01:42)} 29. Nxd5 {(02:05)}
Rc8 {(00:45)} 30. Nc7 {(01:36)} Qe7 {(04:10)} 31. Qc3 {
(03:10)} Qd6 {(00:48)} 32. Kf2 {(01:16)} Rg4 {(00:
27)} 33. d5+ {(00:44)} Kg8 {(00:18)} 34. e4 {(00:31)} fxe4
{(01:31)} 35. Bf4 {(00:18)} Rxf4+ {(00:39)} 36. gxf4 {
(01:12)} Qxf4+ {(00:05)} 37. Kg2 {(00:05)} e3 {(02:
18)} 38. d6 {(02:33)} Qf2+ {(00:49)} 39. Kh1 {(00:02)}
Qxh4+ {(00:16)} 40. Kg1 {(00:00)} Qf2+ {(00:00)} 41. Kh1 {
(00:45)} Qh4+ {(04:10)} 42. Kg1 {(00:04)} Qg3+ {(
00:07)} 43. Kh1 {(00:32)} Bg4 {(03:38)} 44. Qc4+ {(00:46)}
Kg7 {(02:34)} 45. Rf1 {(05:33)} Bf3+ {(00:26)} 46. Rxf3 {
(00:34)} Qxf3+ {(00:09)} 47. Kh2 {(01:52)} Qf2+ {(
03:20)} 48. Kh3 {(02:33)} Kh6 {(00:42)} 49. Qd4 {(04:14)}
Rf8 {(03:49)} 50. Qh4+ {(04:59)} Qxh4+ {(00:09)} 51. Kxh4
{(00:16)} e2 {(00:14)} 0-1

[Event "42nd Olympiad Baku 2016 Open"]
[Site "Baku"]
[Date "2016.09.03"]
[Round "2.31"]
[White "Lorenzana, Wilson Estuardo"]
[Black "Greenidge, Ronuel"]
[Result "1-0"]
[ECO "B33"]
[WhiteElo "2239"]
[BlackElo "1723"]
[Annotator ""]
[PlyCount "81"]
[EventDate "2016.??.??"]
[EventCountry "AZE"]
[SourceTitle "playchess.com"]
[Source "ChessBase"]
[WhiteTeam "Guatemala"]
[BlackTeam "Guyana"]
[WhiteTeamCountry "GUA"]
[BlackTeamCountry "GUY"]
[TimeControl "40/5400+30:1800+30"]

1. e4 {(00:00)} c5 {(00:00)} 2. Nf3 {(00:00)} Nc6 {
(00:00)} 3. Nc3 {(00:22)} d6 {(00:25)} 4. d4 {(00:
06)} cxd4 {(00:14)} 5. Nxd4 {(00:03)} Nf6 {(00:11)} 6. Bg5
{(00:11)} e5 {(00:13)} 7. Ndb5 {(05:16)} a6 {(00:
13)} 8. Na3 {(00:05)} b5 {(00:08)} 9. Nd5 {(00:02)} Be7 {
(03:39)} 10. Bxf6 {(01:34)} Bxf6 {(01:09)} 11. Bd3 {
(00:16)} g6 {(02:20)} 12. c4 {(05:48)} b4 {(04:28)}
13. Nc2 {(03:19)} Rb8 {(00:21)} 14. Nxf6+ {(05:47)} Qxf6 {
(00:09)} 15. Ne3 {(00:06)} O-O {(02:58)} 16. O-O {(
03:51)} Be6 {(03:40)} 17. Qd2 {(02:10)} Qg5 {(01:38)} 18.
g3 {(05:44)} Bh3 {(01:43)} 19. f4 {(00:20)} Qh6 {(
01:39)} 20. Rf2 {(00:21)} Nd4 {(02:42)} 21. Nc2 {(02:13)}
Nc6 {(02:43)} 22. b3 {(01:37)} Kg7 {(01:03)} 23. Bf1 {
(01:15)} Rfd8 {(02:50)} 24. Bxh3 {(02:44)} Qxh3 {(
00:13)} 25. f5 {(00:07)} gxf5 {(06:55)} 26. Rxf5 {(00:33)}
Ne7 {(01:26)} 27. Qg5+ {(01:45)} Kf8 {(01:33)} 28. Rf3 {
(02:22)} Ng6 {(04:52)} 29. Raf1 {(00:29)} Rd7 {(00:
58)} 30. Ne3 {(00:42)} Qe6 {(02:55)} 31. Rf6 {(04:37)} Qh3
{(04:22)} 32. Ng4 {(01:35)} Kg7 {(01:59)} 33. Qf5 {
(01:42)} Rbb7 {(02:03)} 34. Qf3 {(01:04)} Kg8 {(08:
12)} 35. Rf5 {(00:29)} Kg7 {(02:03)} 36. Nf6 {(00:40)} Re7
{(01:49)} 37. Rh5 {(00:50)} Qe6 {(00:43)} 38. Rxh7+ {
(00:13)} Kf8 {(00:31)} 39. Qh5 {(00:09)} Rec7 {(02:
06)} 40. Rh8+ {(00:00)} Nxh8 {(00:00)} 41. Qxh8+ 1-0

[Event "42nd Olympiad Baku 2016 Open"]
[Site "Baku"]
[Date "2016.09.03"]
[Round "2.3"]
[White "Lorne, Malaku"]
[Black "Amer Said Salim Al Maashani"]
[Result "1/2-1/2"]
[ECO "A46"]
[WhiteElo "2161"]
[BlackElo "2044"]
[Annotator ""]
[PlyCount "62"]
[EventDate "2016.??.??"]
[EventCountry "AZE"]
[SourceTitle "playchess.com"]
[Source "ChessBase"]
[WhiteTeam "Jamaica"]
[BlackTeam "OMA"]
[WhiteTeamCountry "JAM"]
[TimeControl "40/5400+30:1800+30"]

1. d4 {(00:00)} Nf6 {(00:00)} 2. Nf3 {(00:04)} e6 {
(00:02)} 3. Bg5 {(02:24)} h6 {(02:04)} 4. Bh4 {(00:
27)} d5 {(01:56)} 5. e3 {(01:00)} Be7 {(03:15)} 6. c4 {
(02:12)} Ne4 {(13:24)} 7. Bxe7 {(02:22)} Qxe7 {(00:
03)} 8. Qb3 {(01:19)} O-O {(02:23)} 9. Bd3 {(02:16)} dxc4
{(06:49)} 10. Qxc4 {(01:30)} Nd6 {(02:43)} 11. Qc3 {
(03:40)} b6 {(02:47)} 12. Nbd2 {(03:25)} Bb7 {(01:
37)} 13. O-O {(03:16)} Nd7 {(01:18)} 14. Ne5 {(12:32)}
Nxe5 {(04:46)} 15. dxe5 {(01:06)} Nf5 {(07:15)} 16. e4 {
(09:12)} Nh4 {(01:02)} 17. f4 {(01:43)} Rad8 {(09:
23)} 18. Rad1 {(02:49)} Rd7 {(06:37)} 19. Bb5 {(05:38)} c6
{(00:12)} 20. Be2 {(00:51)} Rfd8 {(06:15)} 21. g3 {
(04:50)} Ng6 {(02:22)} 22. Nb3 {(15:00)} Rxd1 {(02:
05)} 23. Rxd1 {(01:36)} Rxd1+ {(00:07)} 24. Bxd1 {(00:05)}
Qd7 {(04:37)} 25. Qd2 {(04:28)} Qxd2 {(02:08)} 26. Nxd2 {
(00:03)} c5 {(01:01)} 27. Kf2 {(00:16)} Ne7 {(01:
25)} 28. Ke3 {(00:39)} Ba6 {(04:04)} 29. Ba4 {(05:50)} g5
{(04:10)} 30. Bd7 {(02:24)} gxf4+ {(03:10)} 31. gxf4 {
(00:19)} Ng6 {(01:44)} 1/2-1/2

[Event "42nd Olympiad Baku 2016 Open"]
[Site "Baku"]
[Date "2016.09.03"]
[Round "2.21"]
[White "Mafnas, Peter"]
[Black "Saraci, Nderim"]
[Result "0-1"]
[ECO "A48"]
[WhiteElo "2095"]
[BlackElo "2337"]
[Annotator ""]
[PlyCount "98"]
[EventDate "2016.??.??"]
[EventCountry "AZE"]
[SourceTitle "playchess.com"]
[Source "ChessBase"]
[WhiteTeam "GUM"]
[BlackTeam "Kosovo"]
[BlackTeamCountry "KOS"]
[TimeControl "40/5400+30:1800+30"]

1. d4 {(00:00)} Nf6 {(00:00)} 2. Nf3 {(00:01)} g6 {
(00:48)} 3. b3 {(00:19)} Bg7 {(00:18)} 4. Bb2 {(00:
11)} O-O {(00:42)} 5. e3 {(00:06)} c5 {(02:35)} 6. Be2 {
(00:46)} cxd4 {(04:21)} 7. exd4 {(01:23)} Nc6 {(02:
19)} 8. O-O {(01:24)} d5 {(00:45)} 9. Nbd2 {(02:22)} Bf5 {
(02:30)} 10. a3 {(05:03)} Rc8 {(08:19)} 11. Rc1 {(
01:17)} Bh6 {(07:47)} 12. Re1 {(09:10)} Ne4 {(02:22)} 13.
Ra1 {(00:39)} Qb6 {(24:50)} 14. c3 {(02:43)} Nxd2 {
(02:57)} 15. Nxd2 {(00:11)} Na5 {(06:35)} 16. b4 {(
02:26)} Bxd2 {(01:04)} 17. Qxd2 {(00:52)} Nb3 {(00:12)}
18. Qf4 {(01:26)} Nxa1 {(00:15)} 19. Rxa1 {(00:22)} Qd6 {
(01:28)} 20. Qd2 {(01:08)} Rfe8 {(02:13)} 21. f4 {(
08:18)} f6 {(04:35)} 22. Rd1 {(04:48)} Bd7 {(05:23)} 23.
b5 {(01:47)} a6 {(01:57)} 24. a4 {(00:16)} axb5 {(
00:31)} 25. axb5 {(00:12)} Qb6 {(02:31)} 26. Ba3 {(02:55)}
Qa5 {(01:23)} 27. Bb4 {(00:27)} Qa4 {(00:38)} 28. Qd3 {
(00:36)} Bf5 {(00:52)} 29. Qd2 {(00:23)} Qc2 {(00:
36)} 30. Qe1 {(00:56)} Be4 {(02:40)} 31. Rd2 {(08:47)} Qb3
{(01:30)} 32. Bd1 {(03:35)} Qb1 {(00:21)} 33. Kf2 {
(00:33)} Ra8 {(00:23)} 34. Qe2 {(00:47)} Ra1 {(01:
27)} 35. Kg3 {(03:31)} Kf7 {(01:42)} 36. Bc2 {(03:31)}
Bxc2 {(01:59)} 37. Rxc2 {(00:08)} e6 {(00:49)} 38. Rb2 {
(01:08)} Qg1 {(00:36)} 39. Qf2 {(02:33)} Qxf2+ {(
00:22)} 40. Rxf2 {(00:00)} Rea8 {(00:00)} 41. Kh3 {(02:42]
} R8a2 {(00:24)} 42. Rf3 {(00:40)} Rg1 {(00:31)} 43. Rg3 {
(00:36)} Rf1 {(00:18)} 44. Bd6 {(00:08)} Rb2 {(00:
11)} 45. Re3 {(01:49)} Rff2 {(00:19)} 46. Rg3 {(00:06)}
Rxb5 {(00:10)} 47. Re3 {(00:26)} Rb6 {(00:16)} 48. Bc7 {
(01:17)} Rc6 {(00:18)} 49. Bb8 {(00:15)} Rc2 {(00:
08)} 0-1

[Event "42nd Olympiad Baku 2016 Open"]
[Site "Baku"]
[Date "2016.09.03"]
[Round "2.25"]
[White "Maharjan, Sajin"]
[Black "Ampie, Mauro"]
[Result "0-1"]
[ECO "B48"]
[WhiteElo "2034"]
[BlackElo "2348"]
[Annotator ""]
[PlyCount "90"]
[EventDate "2016.??.??"]
[EventCountry "AZE"]
[SourceTitle "playchess.com"]
[Source "ChessBase"]
[WhiteTeam "Nepal"]
[BlackTeam "Nicaragua"]
[WhiteTeamCountry "NEP"]
[BlackTeamCountry "NCA"]
[TimeControl "40/5400+30:1800+30"]

1. e4 {(00:00)} c5 {(00:00)} 2. Nc3 {(00:00)} e6 {(
00:37)} 3. Nf3 {(01:24)} Nc6 {(00:19)} 4. d4 {(00:44)}
cxd4 {(00:06)} 5. Nxd4 {(00:08)} Qc7 {(00:04)} 6. Be3 {
(03:19)} a6 {(00:11)} 7. Qd2 {(00:52)} Nf6 {(00:55]
} 8. f3 {(09:53)} h5 {(01:49)} 9. O-O-O {(05:07)} Be7 {
(00:07)} 10. Kb1 {(06:33)} Ne5 {(05:05)} 11. Nb3 {(
14:56)} b5 {(09:31)} 12. Qd4 {(11:16)} d6 {(22:38)} 13.
Qb6 {(05:52)} Qxb6 {(01:25)} 14. Bxb6 {(00:11)} O-O {
(04:58)} 15. Na5 {(05:32)} Bd7 {(13:56)} 16. Bd4 {(
07:21)} b4 {(09:32)} 17. Ne2 {(03:35)} Bb5 {(11:59)} 18.
Nc1 {(05:15)} Rfc8 {(02:24)} 19. Bxe5 {(04:07)} dxe5 {
(00:23)} 20. Bxb5 {(00:50)} axb5 {(00:05)} 21. Nab3 {
(01:27)} Ra7 {(02:27)} 22. Rd2 {(03:09)} Nd7 {(00:
55)} 23. Rhd1 {(00:47)} Nb6 {(00:08)} 24. Ne2 {(03:18)}
Rac7 {(05:50)} 25. c3 {(01:12)} Nc4 {(03:02)} 26. Rd3 {
(00:24)} f6 {(01:37)} 27. cxb4 {(00:40)} Bxb4 {(00:
04)} 28. Rd8+ {(00:33)} Rxd8 {(01:38)} 29. Rxd8+ {(00:02)}
Kf7 {(00:49)} 30. Rd3 {(00:59)} Ke7 {(01:00)} 31. a3 {
(01:04)} Be1 {(00:27)} 32. h3 {(01:50)} g5 {(00:31]
} 33. Rd1 {(00:49)} Bf2 {(00:17)} 34. Nc3 {(00:04)} Nxa3+
{(00:39)} 35. Ka2 {(00:51)} b4 {(01:20)} 36. bxa3 {
(02:41)} bxc3 {(00:14)} 37. Rc1 {(00:02)} Bd4 {(00:
48)} 38. a4 {(00:46)} Kd6 {(00:37)} 39. Na1 {(01:03)} Kc5
{(00:24)} 40. Nb3+ {(00:00)} Kb4 {(00:00)} 41. Na1 {
(04:15)} Kxa4 {(07:25)} 42. Nc2 {(01:38)} Rb7 {(01:
27)} 43. Rb1 {(00:26)} Rb2+ {(00:44)} 44. Rxb2 {(01:24)}
cxb2 {(00:05)} 45. g4 {(06:06)} h4 {(07:17)} 0-1

[Event "42nd Olympiad Baku 2016 Open"]
[Site "Baku"]
[Date "2016.09.03"]
[Round "2.12"]
[White "Mak, Kei Keng"]
[Black "Hale, Andrew"]
[Result "1/2-1/2"]
[ECO "A41"]
[WhiteElo "1977"]
[BlackElo "1940"]
[Annotator ""]
[PlyCount "91"]
[EventDate "2016.??.??"]
[EventCountry "AZE"]
[SourceTitle "playchess.com"]
[Source "ChessBase"]
[WhiteTeam "Macau"]
[BlackTeam "Channel Islands"]
[WhiteTeamCountry "MAC"]
[BlackTeamCountry "GCI"]
[TimeControl "40/5400+30:1800+30"]

1. Nf3 d6 2. d4 Bg4 3. e4 Nf6 4. Bd3 Nc6 5. Be3 e5 6. c3 g6 7. Nbd2 Bg7 8. h3
Bd7 9. d5 Ne7 10. Nf1 Nexd5 {(35:51)} 11. exd5 {(14:59)} e4 {
(00:13)} 12. Bxe4 {(00:06)} Nxe4 {(00:19)} 13. Ng3 {
(00:36)} Nxg3 {(00:37)} 14. fxg3 {(00:06)} O-O {(
02:18)} 15. O-O {(00:16)} Bb5 {(09:33)} 16. Rf2 {(00:15)}
a5 {(01:08)} 17. Qd2 {(00:27)} a4 {(02:02)} 18. Bg5 {
(05:50)} Qd7 {(02:15)} 19. Bh6 {(00:32)} Rae8 {(02:
04)} 20. Bxg7 {(00:20)} Kxg7 {(00:22)} 21. Qd4+ {(00:22)}
Kg8 {(00:38)} 22. c4 {(00:24)} Ba6 {(00:26)} 23. Nh2 {
(04:21)} f5 {(03:10)} 24. b3 {(00:54)} Re4 {(02:27]
} 25. Qd2 {(00:51)} b5 {(01:39)} 26. Nf3 {(04:45)} Qg7 {
(01:51)} 27. Rc1 {(03:51)} axb3 {(01:26)} 28. axb3 {
(00:25)} bxc4 {(00:45)} 29. Ng5 {(03:59)} Rd4 {(08:
09)} 30. Qe1 {(00:16)} Bc8 {(04:05)} 31. Ne6 {(01:51)}
Bxe6 {(00:25)} 32. Qxe6+ {(00:10)} Qf7 {(00:28)} 33. Qxf7+
{(01:17)} Kxf7 {(00:40)} 34. bxc4 {(00:12)} Re8 {(
01:25)} 35. g4 {(00:41)} f4 {(01:48)} 36. c5 {(08:02)}
Ree4 {(08:01)} 37. cxd6 {(00:43)} cxd6 {(00:07)} 38. g3 {
(00:29)} g5 {(00:36)} 39. Rc7+ {(01:25)} Kg6 {(01:
10)} 40. Rd7 {(00:00)} Rxd5 {(00:00)} 41. gxf4 {(02:35)}
Rxf4 {(02:31)} 42. Re2 {(02:02)} Rf7 {(04:32)} 43. Re6+ {
(01:17)} Rf6 {(00:12)} 44. Ree7 {(01:34)} Rd1+ {(
00:18)} 45. Kg2 {(00:14)} Rd2+ {(00:18)} 46. Kg1 {(02:05)}
1/2-1/2

[Event "42nd Olympiad Baku 2016 Open"]
[Site "Baku"]
[Date "2016.09.03"]
[Round "2.22"]
[White "Makolli, Perparim"]
[Black "Molod, Jonathan"]
[Result "1-0"]
[ECO "C65"]
[WhiteElo "2289"]
[BlackElo "1943"]
[Annotator ""]
[PlyCount "63"]
[EventDate "2016.??.??"]
[EventCountry "AZE"]
[SourceTitle "playchess.com"]
[Source "ChessBase"]
[WhiteTeam "Kosovo"]
[BlackTeam "GUM"]
[WhiteTeamCountry "KOS"]
[TimeControl "40/5400+30:1800+30"]

1. e4 {(00:57)} e5 {(02:12)} 2. Nf3 {(00:22)} Nc6 {
(00:19)} 3. Bb5 {(00:19)} Nf6 {(02:06)} 4. d3 {(00:
41)} d6 {(03:35)} 5. c3 Bd7 {(07:33)} 6. O-O {(01:15)} Be7
{(01:20)} 7. Re1 {(00:19)} O-O {(00:26)} 8. Nbd2 {(
03:33)} a5 {(06:57)} 9. Nf1 {(01:33)} Nb8 {(06:39)} 10.
Bxd7 {(01:44)} Nfxd7 {(01:30)} 11. Ng3 {(00:37)} Nc6 {
(02:50)} 12. Nf5 {(02:44)} Bf6 {(01:10)} 13. h4 {(
06:59)} Ne7 {(04:31)} 14. Ne3 {(00:58)} Nc5 {(04:29)} 15.
Ng4 {(01:47)} Ng6 {(08:34)} 16. g3 {(01:51)} Be7 {(
05:54)} 17. h5 {(03:31)} Nh8 {(00:43)} 18. d4 {(03:53)}
exd4 {(02:21)} 19. Nxd4 {(03:29)} Ne6 {(05:05)} 20. Nf5 {
(05:51)} Bg5 {(07:50)} 21. Bxg5 {(04:24)} Qxg5 {(
04:04)} 22. f4 {(00:46)} Qd8 {(00:34)} 23. Qd5 {(00:27)}
Re8 {(01:51)} 24. Rad1 {(04:35)} Kf8 {(06:03)} 25. e5 {
(04:28)} g6 {(05:19)} 26. exd6 {(01:21)} gxf5 {(03:
08)} 27. Qxf5 {(00:10)} Ng6 {(00:37)} 28. d7 {(00:48)} Re7
{(01:26)} 29. hxg6 {(00:32)} hxg6 {(02:10)} 30. Qf6 {
(00:13)} Rxd7 {(02:00)} 31. Rxd7 {(00:47)} Qxd7 {(
01:29)} 32. Ne5 {(00:08)} 1-0